 Dungeon Crawl Stone Soup version 0.20-a0-870-g4070442 (console) character file.

56 hittembot the Covered (level 3, -3/33 HPs)
             Began as a Minotaur Fighter on Mar 13, 2017.
             Killed by divine providence
             ... invoked by an orc priest
              (17 damage)
             ... on level 3 of the Dungeon.
             The game lasted 00:00:49 (1645 turns).

hittembot the Covered (Minotaur Fighter)            Turns: 1645, Time: 00:00:50

Health: -3/33      AC:  7    Str: 21    XL:     3   Next: 69%
Magic:  2/2        EV:  7    Int:  5    God:
Gold:   93         SH:  9    Dex:  9    Spells: 2/2 levels left

rFire    . . .     SeeInvis .   a - +0 war axe
rCold    . . .     Gourm    .   b - +0 scale mail
rNeg     . . .     Faith    .   c - +0 shield
rPois    .         Spirit   .   (helmet restricted)
rElec    .         Reflect  .   (no cloak)
rCorr    .         Harm     .   (no gloves)
MR       .....                  (no boots)
Stlth    ..........             (no amulet)
Regen    0.2/turn               (no ring)
MPRegen  0.1/turn               (no ring)

@: lethally poisoned (-3 -> -7)
A: retaliatory headbutt, horns 2
a: no special abilities


You were on level 3 of the Dungeon.
You were not hungry.

You visited 1 branch of the dungeon, and saw 3 of its levels.

You collected 93 gold pieces.

Inventory:

Hand Weapons
 a - a +0 war axe (weapon)
Armour
 b - a +0 scale mail (worn)
 c - a +0 shield (worn)
Jewellery
 j - a cursed ring of protection from magic {unknown}
 m - an uncursed ring of ice {unknown}
 u - an uncursed ring of poison resistance {unknown}
Scrolls
 e - 3 scrolls of identify {unknown}
 n - a scroll of noise {unknown}
 p - a scroll of enchant weapon {unknown}
 q - 2 scrolls of enchant armour {unknown}
 s - a scroll of remove curse {unknown}
 t - a scroll of recharging {unknown}
Potions
 d - a potion of might
 g - a potion of lignification {unknown}
 l - a potion of invisibility {unknown}
 o - a potion of curing {unknown}
 r - a potion of haste {unknown}
Comestibles
 f - 4 bread rations
 h - 3 meat rations
 i - 2 fruits
 k - 3 royal jellies
 v - 2 chunks of flesh


   Skills:
 + Level 3.9 Fighting
 + Level 3.2 Axes
 + Level 4.3 Armour
 + Level 0.2 Dodging
 + Level 4.2 Shields


You had 2 spell levels left.
You didn't know any spells.

Dungeon Overview and Level Annotations

Branches:
Dungeon (3/15)

Altars:
Elyvilon
Zin
The Shining One


Innate Abilities, Weirdness & Mutations

You reflexively headbutt those who attack you in melee.
You have a pair of horns on your head.


Message History

You hit the bat but do no damage. You barely miss the frilled lizard.
You hit the orc.
You kill the orc!
You hit the orc but do no damage. The bat hits you. The bat barely misses you.
You furiously retaliate!
You headbutt the bat.
You kill the bat!
You block the frilled lizard's attack. The leopard gecko barely misses you.
The orc hits you but does no damage.
You are poisoned.
The leopard gecko bites you. The frilled lizard bites you.
Your shield and scale mail prevent you from hitting the leopard gecko.
Your headbutt misses the leopard gecko.
The leopard gecko is almost dead.
Your shield and scale mail prevent you from hitting the orc.
You miss the frilled lizard. You hit the orc but do no damage. x2
You feel sick.
The orc priest invokes the aid of Beogh against you.
Beogh smites you!
Ouch! That really hurt!
You die...

. .... . .....
###.#####..... ##
............. <..
#.#...#o.... ....
...boo.....
.#..#####lol.g....
.........o@ol...(.
##........#####...
..........#
....##.#.### . ...
#.....##### ..
###.#.....####.#
#.............#
#......#.<.####
#......###....#


You could see an orc priest, 5 orcs, a leopard gecko, a hobgoblin, a bat and 2
frilled lizards.

Vanquished Creatures
  An ooze (D:2)
  2 worms (D:2)
  A dart slug (D:2)
  A leopard gecko (D:1)
  3 orcs (D:3)
  3 giant cockroaches
  4 goblins
  7 hobgoblins
  2 jackals (D:2)
  3 kobolds
  4 bats
  2 frilled lizards (D:1)
  3 rats
36 creatures vanquished.

Notes
Turn   | Place    | Note
-------+----------+-------------------------------------------
     0 | D:1      | hittembot the Minotaur Fighter began the quest for the Orb.
     0 | D:1      | Reached XP level 1. HP: 19/19 MP: 0/0
   300 | D:1      | Reached XP level 2. HP: 27/27 MP: 1/1
   832 | D:2      | Reached XP level 3. HP: 33/33 MP: 2/2
  1403 | D:2      | Found a glowing golden altar of the Shining One.
  1406 | D:2      | Found a glowing silver altar of Zin.
  1407 | D:2      | Found a white marble altar of Elyvilon.
  1645 | D:3      | Killed from afar by an orc priest

Vault maps used:
D:1:      minmay_arrival_loop
D:2:      good_gods_temple_1
D:3:      lemuel_coloured_pillars_altar

Skill      XL: |  1  2  3 |
---------------+----------+-----
Shields        | 4 |  4.2
Armour         | 4 |  4.3
Axes           | 3 |  3.2
Fighting       | |  3.9
Dodging        | |  0.2

Action                   || total
-------------------------++-------
Melee: War axe           ||    84
       Headbutt          ||    12
  Eat: Chunk             ||     2
Armor: Scale mail        ||    40
Dodge: Dodged            ||    26
Block: Shield            ||    47
